 Dungeon Crawl Stone Soup version 0.21-a0-421-gfc1ce30 (webtiles) character file.

14 Shipon the Grave Robber (level 2, -1/19 HPs)
             Began as a Mummy Necromancer on Nov 4, 2017.
             Killed from afar by a dart slug (8 damage)
             ... with a slug dart
             ... on level 1 of the Dungeon.
             The game lasted 00:17:09 (481 turns).

Shipon the Grave Robber (Mummy Necromancer)          Turns: 481, Time: 00:17:10

Health: -1/19      AC:  2    Str: 11    XL:     2   Next: 27%
Magic:  0/6        EV: 12    Int: 14    God:
Gold:   31         SH:  0    Dex: 12    Spells: 5/7 levels left

rFire    x . .     SeeInvis .   d - -2 mace
rCold    + . .     Gourm    .   (no shield)
rNeg     + + +     Faith    .   a - +0 robe
rPois    ∞         Spirit   .   (no helmet)
rElec    .         Reflect  .   (no cloak)
rCorr    .         Harm     .   (no gloves)
MR       .....                  (no boots)
Stlth    ++........             (no amulet)
HPRegen  0.06/turn              (no ring)
MPRegen  0.10/turn              (no ring)

@: no status effects
A: no food or potions, fire vulnerability, cold resistance 1, negative energy
resistance 3, torment resistance, unbreathing
a: no special abilities


You were on level 1 of the Dungeon.
You were not hungry.

You visited 1 branch of the dungeon, and saw 1 of its levels.

You collected 31 gold pieces.

Inventory:

Hand Weapons
 d - a -2 mace (weapon)
Armour
 a - a +0 robe (worn)
Books
 b - a book of Necromancy

   Spells                             Type                      Level
   a - Pain                           Necromancy                   1
   b - Animate Skeleton               Necromancy                   1
   c - Vampiric Draining              Necromancy                   3
   d - Regeneration                   Charms/Necromancy            3
   e - Animate Dead                   Necromancy                   4
   f - Control Undead                 Necromancy                   4


   Skills:
 + Level 1.5 Dodging
 - Level 1.5 Stealth
 + Level 3.0 Spellcasting
 + Level 4.4 Necromancy


You had 5 spell levels left.
You knew the following spells:

 Your Spells              Type           Power        Failure   Level  Hunger
a - Pain                  Necr           ##..         3%          1    N/A
b - Animate Skeleton      Necr           N/A          3%          1    N/A

Dungeon Overview and Level Annotations

Branches:
Dungeon (1/15)

Altars:


Innate Abilities, Weirdness & Mutations

You do not eat or drink.
Your flesh is vulnerable to fire.
You are immune to poison.
Your flesh is cold resistant. (rC+)
You are immune to negative energy. (rN+++)
You are immune to unholy pain and torment.
You can survive without breathing.


Message History

Confirm with . or Enter, or press ? or * to list all spells.
Aiming: Pain
Press: ? - help, Shift-Dir - straight line, f/p - dart slug
Aim: a dart slug (clinging, chance to defeat MR: 85%)
The dart slug barely resists.
Casting: Pain
Confirm with . or Enter, or press ? or * to list all spells.
Aiming: Pain
Press: ? - help, Shift-Dir - straight line, f/p - dart slug
Aim: a dart slug (clinging, chance to defeat MR: 85%)
The dart slug writhes in agony!
Casting: Pain
Confirm with . or Enter, or press ? or * to list all spells.
Aiming: Pain
Press: ? - help, Shift-Dir - straight line, f/p - dart slug
Aim: a dart slug (moderately wounded, clinging, chance to defeat MR: 85%)
The dart slug writhes in agony!
The dart slug launches a dart at you. The slug dart hits you!
You die...

....≈≈≈≈.......#
.........)....Z#
....≈≈≈≈.....Z##
.....≈≈≈......#
.....≈≈≈......#
.....≈≈≈≈.....###
♣♣♣♣♣♣≈≈≈♣♣♣##..# ♣≈≈≈≈♣
#..############ ♣♣≈≈≈≈
#..@%w........# ♣♣♣
#..#######..#.# ### ####..#
#..# #... #.#####
####..#.#### .#...##.#
#.†.........
......#.########.#.###.####
............w.w..#.# ...
......†.###.####.#.# #.#
..[....[# #.# #.... .#


You could see a dart slug.

Vanquished Creatures
  A dart slug (D:1)
  A leopard gecko (D:1)
  3 hobgoblins (D:1)
  A kobold (D:1)
  2 frilled lizards (D:1)
  2 rats (D:1)
10 creatures vanquished.

Vanquished Creatures (collateral kills)
  A ball python (D:1)
1 creature vanquished.

Grand Total: 11 creatures vanquished

Notes
Turn   | Place    | Note
-------+----------+-------------------------------------------
     0 | D:1      | Shipon the Mummy Necromancer began the quest for the Orb.
     0 | D:1      | Reached XP level 1. HP: 13/13 MP: 4/4
     5 | D:1      | Learned a level 1 spell: Animate Skeleton
   319 | D:1      | Reached XP level 2. HP: 19/19 MP: 3/6
   481 | D:1      | Killed from afar by a dart slug

Vault maps used:
D:1:      lemuel_arrival_river_bridge

Skill      XL: |  1 |
---------------+----+-----
Spellcasting   | 3 |  3.0
Dodging        | |  1.5
Stealth        | |  1.5
Necromancy     | |  4.4

Action                   || total
-------------------------++-------
Melee: Mace              ||     1
 Cast: Pain              ||    29
       Animate Skeleton  ||     3
  Use: Scroll            ||     2
Dodge: Dodged            ||     3

Table legend:
 A = Spawn XP
 B = Non-spawn XP
 C = Spawn XP percentage of total XP
 D = Spawn monster count
 E = Non-spawn monster count
 F = Spawn count percentage of total count
 G = Total turns spent on level
                    A         B        C        D         E        F      G
               +---------+---------+-------+---------+---------+-------+---------
         Total |       0 |      20 |   0.0 |       0 |      11 |   0.0 |   481
               +---------+---------+-------+---------+---------+-------+---------
           D:1 |       0 |      20 |   0.0 |       0 |      11 |   0.0 |   481
               +---------+---------+-------+---------+---------+-------+---------
